 Dungeon Crawl Stone Soup version 0.31.0-10-gcf4a605ca0 (webtiles) character file.

Game seed: 5831786161515055484

47384 dave1331 the Severer (level 14, -6/132 HPs)
             Began as a Hill Orc Fighter on Jan 26, 2024.
             Killed from afar by a hell hog (43 damage)
             ... with a fireball
             ... on level 5 of the Lair of Beasts.
             The game lasted 01:11:14 (18211 turns).

dave1331 the Severer (Hill Orc Fighter)            Turns: 18211, Time: 01:11:15

Health: -6/132     AC: 25    Str: 24    XL:     14   Next: 41%
Magic:  14/14      EV: 16    Int:  8    God:
Gold:   1247       SH: 12    Dex: 10    Spells: 13/13 levels left

rFire   x . .        a - +3 war axe (flame)
rCold   + + .        c - +1 buckler
rNeg    . . .        K - +3 ice dragon scales
rPois   .            I - +2 helmet
rElec   .            (no cloak)
rCorr   .            g - +1 pair of gloves
SInv    .            r - +1 pair of boots
Will    ++...        E - amulet of reflection Stlth
                     (no ring)
HPRegen 0.42/turn    q - +5 ring of evasion
MPRegen 0.14/turn

%: reflection
@: enlightened, flying
A: inability to drink after injury 1
a: no special abilities


You were on level 5 of the Lair of Beasts.
You visited 3 branches of the dungeon, and saw 17 of its levels.
You also visited: Ossuary and Bailey.

You collected 1434 gold pieces.
You spent 187 gold pieces at shops.

Inventory:

Hand Weapons
 a - a +3 war axe of flaming (weapon)
 f - a +2 dagger of venom
 w - a +2 long sword of electrocution
Missiles
 s - 141 stones (quivered)
 M - 2 throwing nets
Armour
 b - a +0 scale mail
 c - a +1 buckler (worn)
 g - a +1 pair of gloves (worn)
 n - a +1 helmet
 r - a +1 pair of boots (worn)
 t - a +0 chain mail of fire resistance
 I - a +2 helmet (worn)
 K - +3 ice dragon scales (worn)
Jewellery
 j - an amulet of magic regeneration
 p - a ring of positive energy
 q - a +5 ring of evasion (right hand)
 C - a ring of fire
 D - a ring of poison resistance
 E - an amulet of reflection (around neck)
 O - a ring of fire
 S - a ring of fire
 T - a ring of resist corrosion
 X - a ring of protection from cold
 Y - a ring of flight
Talismans
 o - a serpent talisman
Wands
 l - a wand of flame (49)
 A - a wand of paralysis (12)
 H - a wand of polymorph (18)
 Q - a wand of iceblast (16)
 U - a wand of light (4)
 V - a wand of mindburst (8)
Scrolls
 e - 7 scrolls of immolation
 i - 6 scrolls of teleportation
 k - 15 scrolls of identify
 m - 3 scrolls of poison
 y - 6 scrolls of vulnerability
 z - a scroll of blinking
 B - 3 scrolls of noise
 J - a scroll of torment
 P - 3 scrolls of fog
Potions
 h - a potion of degeneration {unknown}
 u - 3 potions of lignification
 v - a potion of brilliance
 x - 3 potions of mutation
 F - 6 potions of enlightenment
 L - 2 potions of magic
Miscellaneous
 d - a phantom mirror
 G - a phial of floods
 N - a tin of tremorstones (2/2)


   Skills:
 + Level 14.1 Fighting
 + Level 2.3 Short Blades
 + Level 18.6 Axes
 + Level 11.5 Armour
 + Level 6.1 Dodging
 + Level 2.1 Stealth
 + Level 12.1 Shields
 + Level 0.3 Evocations


You had 13 spell levels left.
You didn't know any spells.
Your spell library contained the following spells:

 Spells                   Type           Power      Damage    Failure   Level
 Freeze                   Ice            0%         1d3       75%         1
 Lesser Beckoning         Tloc           0%         N/A       86%         2
 Scorch                   Fire           0%         2d5       86%         2
 Frozen Ramparts          Ice            0%         1d1       98%         3
 Gell's Gravitas          Tloc           0%         N/A       98%         3
 Hailstorm                Conj/Ice       0%         3d5       98%         3
 Teleport Other           Tloc           0%         N/A       98%         3
 Anguish                  Hex/Necr       0%         N/A       100%        4
 Cause Fear               Hex            0%         N/A       100%        4
 Flame Wave               Conj/Fire      0%         2d4       100%        4
 Ignite Poison            Fire/Alch      0%         N/A       100%        4
 Sticky Flame             Fire/Alch      0%         2d4       100%        4
 Vhi's Electric Charge    Tloc/Air       0%         N/A       100%        4
 Arcjolt                  Conj/Air       0%         1d10      100%        5
 Summon Cactus Giant      Summ           0%         N/A       100%        6
 Enfeeble                 Hex            0%         N/A       100%        7
 Ignition                 Fire           0%         3d3       100%        8
 Maxwell's Capacitive Co  Air            0%         ∞         100%        8


Dungeon Overview and Level Annotations

Branches:
Dungeon (11/15)            Temple (0/1) D:7            Lair (5/5) D:11
 Shoals (0/4) Lair:2        Snake (0/4) Lair:3        Slime (0/5) Lair:4
    Orc (1/2) D:11        Ossuary (visited)          Bailey (visited)

Altars:
Ashenzari
Dithmenos
Elyvilon
Fedhas
Gozag
Kikubaaqudgha
Nemelex Xobeh
Qazlal
Ru
Sif Muna
Trog
Uskayaw
Wu Jian
Xom
Yredelemnul
Beogh
Jiyva

Shops:
D:4 *   D:10 :


Innate Abilities, Weirdness & Mutations

You occasionally lose the ability to drink potions when taking damage.


Message History

The hell hound is severely wounded.
You hit the hell hound. You block the hell hound's attack.
The hell hound barely misses you.
You closely miss the hell hound.
The hell hound is severely wounded.
You closely miss the hell hound. The hell hound breathes flames at you.
The blast of flame hits you! The fire burns you terribly!
* * * LOW HITPOINT WARNING * * *
The hell hound breathes flames at you. The blast of flame hits you!
The fire burns you terribly!
* * * LOW HITPOINT WARNING * * *
The hell hound barely misses you.
You slice the hell hound!!
You kill the hell hound!
You hit the hell hound but do no damage.
The hell hound closely misses you. You block the hell hound's attack.
You see here a hell hound corpse.
You barely miss the hell hound.
The hell hound is almost dead.
You block the hell hound's attack.
You hit the hell hound.
You kill the hell hound!
Aim the phial where?
Press: ? - help, Shift-Dir - straight line
Okay, then.
You see here a hell hound corpse.
Found a plate armour, 26 gold pieces and a ring mail.
You feel very buoyant.
You fly up into the air.
As you read the scroll of enchant weapon, it crumbles to dust.
Your +2 war axe of flaming glows red for a moment.
Found a large runed translucent door.
Found a spear.
The hell hog squeals angrily.
You reach down and open the large door.
The hell hog breathes fire at you.
The fireball explodes!
The fireball engulfs you!!! The fire burns you terribly!
You die...

#§§..........†≈§§§### ###
##≈.........†#..§§##8##
#≈≈##§≈....##...##§...#..#8
#≈≈≈#≈≈...#≈≈≈≈#≈≈≈≈≈#.....
#≈§≈..§.§§≈§§≈≈≈≈≈##.....
#≈≈≈§.§.≈§######§##.§....
##≈≈.§.§§≈##...[##≈≈§§....
#8≈....≈≈§#....$[#≈≈≈§....
##≈§...§§@'h.h..[#§≈≈.....
#.≈≈..§§§.'.....$#§§≈.....
##≈≈..§§§§#....$)#§§#.....
##≈≈.§.≈§##...$##§§###...
#.≈≈..§#§≈######.≈.#...#.
##§§..##≈≈≈≈≈≈..§≈§..≈###
##≈≈## #≈###≈≈≈≈#..#§§§#
##§# ##...≈§.§.###≈§§ #≈§§
##....≈#....8##≈§


You could see 2 hell hogs.

Vanquished Creatures
  Gastronok (Lair:3)
  4 hydras
  Harold (D:9)
  Erica (D:8)
  The ghost of scisormetimb3rs the Fighter, a novice MiFi of Ashenzari (D:9)
  An alligator (Lair:4)
  5 death yaks (Lair:5)
  3 boulder beetles
  Sonja (Lair:5)
  A goliath frog (Lair:4)
  A skyshark (Lair:4)
  A swamp dragon (Lair:4)
  A lindwurm (Lair:5)
  An orc knight (Bailey)
  2 wolf spiders (Lair:5)
  Maurice (D:8)
  An orc sorcerer (D:11)
  5 black mambas
  9 elephants
  A kobold blastminer (Orc:1)
  A merfolk siren (Lair:2)
  2 molten gargoyles (Lair:5)
  A torpor snail (Lair:4)
  7 cane toads
  Maggie (Lair:2)
  A rime drake (Lair:2)
  An unseen horror (D:10)
  7 komodo dragons
  5 trolls
  3 merfolk (Lair:2)
  A polar bear (Lair:2)
  2 tyrant leeches (Lair:4)
  4 blink frogs (Lair:3)
  Sigmund (D:5)
  A vampire (D:6)
  4 basilisks
  9 wyverns
  35 yaks
  2 unseen horror simulacra (D:9)
  2 steam dragons
  3 vampire mosquitoes (D:11)
  Menkaure (D:5)
  4 swamp worms (Lair:4)
  4 nagas (Lair:3)
  2 two-headed ogre zombies (D:11)
  5 hell hounds (Lair:5)
  9 water moccasins
  10 orc warriors
  A black bear (D:5)
  2 sky beasts
  4 ice beasts (D:9)
  A swamp drake (Lair:4)
  4 ogres
  7 centaurs
  12 wolves
  2 phantoms (D:11)
  3 kobold brigands
  11 bullfrogs
  5 scorpions
  A gnoll sergeant (D:6)
  A water moccasin zombie (Ossuary)
  9 wights
  5 troll zombies (D:11)
  8 killer bees
  2 centaur zombies (Ossuary)
  2 howler monkeys
  2 bullfrog zombies (Ossuary)
  7 jellies
  5 lava snakes
  2 bombardier beetles (D:6)
  7 hounds
  5 orc priests
  3 iguanas
  Ijyb (D:4)
  A scorpion zombie (Ossuary)
  A sleepcap (D:4)
  11 orc wizards
  An ogre zombie (D:11)
  Robin (D:4)
  10 gnolls
  9 adders
  A shadow imp (D:7)
  2 white imps
  A howler monkey simulacrum (D:9)
  3 adder zombies (Ossuary)
  A dart slug (D:1)
  2 ribbon worms
  34 orcs
  7 bats
  7 endoplasms
  6 giant cockroaches
  24 goblins
  11 hobgoblins
  6 jackals
  4 quokkas
  4 ball pythons
  A frilled lizard (D:3)
  2 gnoll skeletons (D:11)
  7 gnoll zombies
  3 goblin zombies (Ossuary)
  2 hobgoblin zombies (Ossuary)
  26 kobolds
  6 orc skeletons (D:11)
  16 orc zombies
  2 rats
494 creatures vanquished.

Vanquished Creatures (others)
  A kobold (D:10)
1 creature vanquished.

Grand Total: 495 creatures vanquished

Notes
Turn   | Place    | Note
-------+----------+-------------------------------------------
     0 | D:1      | dave1331 the Hill Orc Fighter began the quest for the Orb.
     0 | D:1      | Reached XP level 1. HP: 19/19 MP: 1/1
   200 | D:1      | Reached XP level 2. HP: 26/27 MP: 2/2
   336 | D:1      | Reached skill level 3 in Axes
   511 | D:1      | Reached XP level 3. HP: 32/33 MP: 3/3
  1572 | D:2      | You fall into a shaft and drop 1 floor!
  1668 | D:2      | Reached XP level 4. HP: 40/40 MP: 4/4
  1903 | D:2      | Reached skill level 1 in Short Blades
  2105 | D:3      | Found an ancient bone altar of Kikubaaqudgha.
  2107 | D:3      | Found a blossoming altar of Fedhas.
  2592 | D:4      | Found Myraph's Assorted Antiques.
  2606 | D:4      | Reached XP level 5. HP: 37/46 MP: 5/5
  2917 | D:4      | Noticed Robin
  2918 | D:4      | Noticed Ijyb
  2923 | D:4      | Killed Ijyb
  2934 | D:4      | Killed Robin
  3017 | D:4      | Reached skill level 4 in Axes
  3017 | D:4      | Reached XP level 6. HP: 30/53 MP: 6/6
  3149 | D:4      | Gained mutation: You occasionally lose the ability to drink
                  | potions when taking damage. [potion of mutation]
  3554 | D:4      | Reached skill level 5 in Armour
  3738 | D:4      | Found a hide-covered altar of Uskayaw.
  3993 | D:4      | Bought a glowing chain mail for 187 gold pieces
  4028 | D:5      | Entered Level 5 of the Dungeon
  4071 | D:5      | Reached skill level 1 in Dodging
  4098 | D:5      | Reached skill level 5 in Axes
  4167 | D:5      | Reached XP level 7. HP: 55/60 MP: 7/7
  4168 | D:5      | Noticed Menkaure
  4178 | D:5      | Killed Menkaure
  4285 | D:5      | Found a white marble altar of Elyvilon.
  4348 | D:5      | Found an ornate altar of the Wu Jian Council.
  4348 | D:5      | Noticed Sigmund
  4388 | D:5      | Killed Sigmund
  4389 | D:5      | Reached skill level 6 in Axes
  4504 | D:5      | Reached skill level 7 in Axes
  4510 | D:5      | Reached XP level 8. HP: 58/67 MP: 8/8
  4583 | D:5      | Identified the +8 sling "Jesur" {freeze, rF+ rC- rN+ rCorr}
  4737 | D:5      | Reached skill level 8 in Axes
  4820 | D:5      | Reached skill level 5 in Fighting
  4868 | D:5      | Noticed a troll
  4880 | D:5      | Reached skill level 9 in Axes
  4882 | D:5      | Killed a troll
  4883 | D:5      | Reached skill level 5 in Shields
  5177 | D:6      | Found a sand-covered staircase.
  5182 | Ossuary  | Entered an ossuary
  5192 | Ossuary  | Reached XP level 9. HP: 74/74 MP: 9/9
  5270 | Ossuary  | Reached skill level 10 in Axes
  5311 | Ossuary  | Noticed a silent spectre
  5557 | D:6      | Found a sacrificial altar of Ru.
  5566 | D:6      | Reached skill level 11 in Axes
  5913 | D:6      | Noticed a boulder beetle
  5994 | D:6      | Killed a boulder beetle
  5995 | D:6      | Reached skill level 12 in Axes
  6127 | D:6      | Reached XP level 10. HP: 86/86 MP: 10/10
  6167 | D:6      | Found a shimmering altar of Xom.
  6909 | D:7      | Reached skill level 13 in Axes
  7022 | D:7      | Found a staircase to the Ecumenical Temple.
  7111 | D:7      | Found a shimmering blue altar of Sif Muna.
  7113 | D:7      | Found a bloodstained altar of Trog.
  7281 | D:8      | Noticed Erica
  7298 | D:8      | Killed Erica
  7541 | D:8      | Found a flagged portal.
  7573 | Bailey   | Entered a bailey
  7656 | Bailey   | Reached skill level 14 in Axes
  7778 | Bailey   | Noticed an orc knight
  7795 | Bailey   | Killed an orc knight
  8125 | D:8      | Noticed Maurice
  8132 | D:8      | Maurice stole 182 gold
  8133 | D:8      | Maurice stole a +2 dagger of venom
  8134 | D:8      | Maurice stole a phial of floods
  8136 | D:8      | Killed Maurice
  8137 | D:8      | Reached XP level 11. HP: 71/95 MP: 8/11
  8442 | D:8      | Found a sparkling altar of Nemelex Xobeh.
  8442 | D:8      | Found a transporter.
  8443 | D:8      | Noticed a centaur warrior
  8443 | D:8      | Noticed a deep elf pyromancer
  8650 | D:9      | Found a broken altar of Ashenzari.
  8696 | D:9      | Found a runed translucent gate.
  8696 | D:9      | Found a runed translucent gate.
  8696 | D:9      | Found a runed translucent gate.
  8773 | D:9      | Noticed scisormetimb3rs's ghost (novice MiFi)
  8828 | D:9      | Noticed Harold
  8839 | D:9      | Killed Harold
  8840 | D:9      | Reached skill level 15 in Axes
  9230 | D:9      | Found a basalt altar of Yredelemnul.
  9426 | D:9      | Found an opulent altar of Gozag.
  9551 | D:9      | Reached skill level 1 in Stealth
  9639 | D:9      | Killed scisormetimb3rs's ghost
  9742 | D:10     | Entered Level 10 of the Dungeon
  9761 | D:10     | Found a shadowy altar of Dithmenos.
  9827 | D:10     | Found a stormy altar of Qazlal.
 10186 | D:10     | Reached skill level 10 in Fighting
 10223 | D:10     | Found Megon's Tremendous Tomes.
 10795 | D:11     | Reached skill level 16 in Axes
 10798 | D:11     | Noticed an orc sorcerer
 10799 | D:11     | Found a staircase to the Orcish Mines.
 10819 | D:11     | Killed an orc sorcerer
 10858 | D:11     | Reached XP level 12. HP: 104/106 MP: 12/12
 10962 | Orc:1    | Entered Level 1 of the Orcish Mines
 10962 | Orc:1    | Found a roughly hewn altar of Beogh.
 11262 | D:11     | Found a staircase to the Lair.
 11917 | Lair:1   | Entered Level 1 of the Lair of Beasts
 12747 | Lair:1   | Reached skill level 17 in Axes
 13084 | Lair:2   | Noticed Maggie
 13118 | Lair:2   | Killed Maggie
 13454 | Lair:2   | Reached skill level 10 in Armour
 13465 | Lair:2   | Identified the +0 ring mail "Jaolegy" {Harm Regen+ MP+9
                  | SInv}
 13613 | Lair:2   | Found a staircase to the Shoals.
 14159 | Lair:3   | Reached XP level 13. HP: 117/117 MP: 13/13
 14253 | Lair:3   | Reached skill level 5 in Dodging
 14253 | Lair:3   | Reached skill level 10 in Shields
 14253 | Lair:3   | Found an ornate altar of the Wu Jian Council.
 14323 | Lair:3   | Found a staircase to the Snake Pit.
 14382 | Lair:3   | Found a hide-covered altar of Uskayaw.
 14738 | Lair:3   | Reached skill level 18 in Axes
 14780 | Lair:3   | Noticed Gastronok
 14797 | Lair:3   | Killed Gastronok
 15917 | Lair:4   | HP: 6/122 [poisoned by a cane toad]
 16471 | Lair:4   | Found a viscous altar of Jiyva.
 16472 | Lair:4   | Found a staircase to the Slime Pits.
 16712 | Lair:4   | Reached XP level 14. HP: 111/129 MP: 14/14
 17184 | Lair:5   | Entered Level 5 of the Lair of Beasts
 17356 | Lair:5   | Noticed Sonja
 17362 | Lair:5   | Killed Sonja
 18200 | Lair:5   | Found a large runed translucent door.
 18201 | Lair:5   | Found a large runed translucent door.
 18211 | Lair:5   | Killed from afar by a hell hog

Illustrated notes

Levels and vault maps discovered:
D:1:      nagdon_arrival_zigzag_paths, layout_basic
D:2:      layout_basic, serial_bayou_crossing
D:3:      kb_forest_paths, layout_rooms, grunt_temple_overflow_growth_and_decay,
          minmay_statues_item
D:4:      layout_basic, nicolae_uskayaw_suspiria, serial_shops, shop,
          nicolae_goblin_pals
D:5:      layout_rooms, nicolae_wu_jian_wuxing_cycle, elyvilon_altar_1,
          minmay_divided_ellipse, uniq_menkaure, uniq_sigmund
D:6:      minmay_chambers_of_sixes, layout_basic,
          mainiacjoe_overflow_tiny_flanked, mainiacjoe_overflow_24_doors,
          enter_ossuary_2
D:7:      layout_rooms, hellmonk_overflow_destroyed_library,
          minmay_temple_entry_statues_pillars
D:8:      layout_gridville, grunt_nemelex_the_gamble, enter_bailey_5,
          uniq_maurice, uniq_erica
D:9:      layout_loops_ring, cheibrodos_ashenzari_chains,
          grunt_gozag_breadcrumbs, mainiacjoe_overflow_chevrons,
          gammafunk_ghost_icy, uniq_harold
D:10:     layout_basic, nicolae_qazlal_scattered_showers, kennysheep_mini_moat,
          nicolae_shop_i_like_big_books, serial_park_tiny_pond,
          minmay_strange_pillars
D:11:     layout_loops_cross, lair_entry_dummy, zombieorc2_lemuel
Lair:1:   layout_layer_cave, st_stairs_5
Lair:2:   layout_gridlike, elwin_shoals_entry_stream, uniq_maggie
Lair:3:   layout_concentric_octagons, minmay_snake_entry_guardpost_small,
          nicolae_volcano_entry_two_sided, nzn_masters_of_martial_movement,
          lemuel_fruit_tree, uniq_gastronok
Lair:4:   onia_ninara_swampy_vault, layout_gridlike, slime_entry_1,
          gauntlet_entry_generic
Lair:5:   cheibrodos_lair_end_hotspot, layout_long_grid,
          chequers_serial_rivers_small_a, st_stairs_4,
          nicolae_lair_run_with_the_wolves, uniq_urug, uniq_sonja
Orc:1:    layout_diamond_mine, basic_altar

Skill      XL: |  1  2  3  4  5  6  7  8  9 10 11 12 13 14 |
---------------+-------------------------------------------+-----
Axes           | 3 4 5 7 9 12 14 16 17 18 | 18.6
Fighting       | 4 5 7 8 10 11 13 14 | 14.1
Armour         | 4 5 6 7 8 9 10 11 | 11.5
Short Blades   | 1 2 |  2.3
Shields        | 4 5 6 7 9 11 12 | 12.1
Dodging        | 1 2 3 4 5 6 |  6.1
Stealth        | 1 2 |  2.1
Evocations     | |  0.3

Action                     |  1- 3 |  4- 6 |  7- 9 | 10-12 | 13-15 || total
---------------------------+-------+-------+-------+-------+-------++-------
  Melee: War axe           |    41 |    97 |   243 |   885 |   519 ||  1785
         Dagger            |    64 |   122 |       |       |       ||   186
  Throw: Stone             |       |       |       |       |     2 ||     2
  Evoke: Tin of tremorston |       |       |       |       |     1 ||     1
    Use: Scroll            |     2 |    12 |       |    10 |     2 ||    26
         Potion            |     2 |     5 |     5 |     7 |    11 ||    30
 Armour: Scale mail        |    89 |   154 |       |       |       ||   243
         Chain mail        |       |    24 |   159 |    92 |       ||   275
         Ice dragon scales |       |       |       |   210 |   351 ||   561
  Dodge: Dodged            |    52 |    97 |   166 |   345 |   276 ||   936
  Block: Buckler           |    34 |    66 |    66 |   353 |   310 ||   829
         Reflection        |       |       |       |    25 |     4 ||    29
         Form:             |       |     1 |       |       |       ||     1
         Serpent           |       |     1 |       |       |       ||     1
